 Dungeon Crawl Stone Soup version 0.26-a0-1126-g3318b609a0 (webtiles) character file.

Game seed: 2115176546051507831

699 vvl the Ruffian (level 7, 0/67 HPs)
             Began as a Troll Monk on Dec 17, 2020.
             Killed from afar by an orc wizard (6 damage)
             ... with a magic dart
             ... on level 4 of the Dungeon.
             The game lasted 00:10:06 (3125 turns).

vvl the Ruffian (Troll Monk)                        Turns: 3125, Time: 00:10:07

Health: 0/67       AC:  6    Str: 22    XL:     7   Next: 38%
Magic:  6/6        EV: 11    Int:  6    God:
Gold:   243        SH:  0    Dex: 12    Spells: 6/6 levels left

rFire    . . .     SeeInvis .     - Unarmed
rCold    . . .     Faith    .   (no shield)
rNeg     . . .     Spirit   .   a - +0 robe
rPois    .         Reflect  .   (helmet restricted)
rElec    .         Harm     .   (no cloak)
rCorr    .         Rampage  .   (gloves unavailable)
Will     .....                  (boots unavailable)
Stlth    ++........             (no amulet)
HPRegen  0.61/turn              (no ring)
MPRegen  0.10/turn              (no ring)

@: no status effects
A: large, unfitting armour, claws 3, regeneration 1, shaggy fur 1, tough skin 3
a: no special abilities


You were on level 4 of the Dungeon.
You visited 1 branch of the dungeon, and saw 5 of its levels.

You collected 243 gold pieces.

Inventory:

Hand Weapons
 j - a +0 rapier
 r - a +0 hand crossbow
Armour
 a - a +0 robe (worn)
Jewellery
 h - an uncursed ring of magical power {unknown}
 p - a cursed -4 ring of intelligence {unknown}
Wands
 n - a wand of digging (6)
Scrolls
 b - 2 scrolls of immolation {unknown}
 c - a scroll of fog {unknown}
 e - 3 scrolls of teleportation {unknown}
 f - 2 scrolls of identify {unknown}
 g - 3 scrolls of magic mapping {unknown}
 i - 3 scrolls of random uselessness {unknown}
 k - a scroll of enchant weapon {unknown}
 l - a scroll of fear {unknown}
 m - a scroll of amnesia {unknown}
 o - a scroll of remove curse {unknown}
 s - a scroll of enchant armour {unknown}
Potions
 d - a potion of curing
 q - a potion of berserk rage {unknown}
 t - a potion of mutation {unknown}


   Skills:
 + Level 3.2 Fighting
 + Level 3.8 Dodging
 - Level 1.0 Stealth
 + Level 7.4 Unarmed Combat


You had 6 spell levels left.
You didn't know any spells.
Your spell library was empty.

Dungeon Overview and Level Annotations

Branches:
Dungeon (5/15)
 Temple: D:4-7

Altars:


Innate Abilities, Weirdness & Mutations

You are too large for most types of armour.
You have claws for hands.
Your natural rate of healing is unusually fast.
You are covered in fur. (AC +1)
You have extremely tough skin. (AC +3)


Message History

* * * LOW HITPOINT WARNING * * *
You closely miss something. Something hits you but does no damage.
You barely miss something. Something hits you.
* * * LOW HITPOINT WARNING * * *
You closely miss something. Something hits you.
* * * LOW HITPOINT WARNING * * *
Something hits you but does no damage.
You claw something! Something hits you but does no damage.
You completely miss something. Something hits you but does no damage.
You closely miss something. Your claw misses something. Something hits you.
* * * LOW HITPOINT WARNING * * *
You miss something.
You hear some strange, mumbled words.
A magic dart appears from out of thin air!
The magic dart hits you!
* * * LOW HITPOINT WARNING * * *
You hear some strange, mumbled words.
A magic dart appears from out of thin air!
The magic dart hits you.
You die...

### ##############
#.###...@{.......# ###
##.##.#######>##.# ..#
##.#.#####..#.#.## #.#
#######..##..........# ### #.#
#...........#####.#..###.##
#.###########....#...#.#..##.#.##
#........# #.#..#...#.#..#.###.#
########.####[##.#...#...........
##.........##'##..#.#.###.#


There were no monsters in sight!

Vanquished Creatures
  Blork the orc (D:4)
  2 howler monkeys (D:4)
  A hound (D:4)
  An orc wizard (D:3)
  3 bullfrog skeletons
  Ijyb (D:4)
  Jessica (D:3)
  A worker ant (D:4)
  Natasha (D:4)
  3 iguanas
  3 gnolls (D:2)
  5 adders
  A white imp (D:5)
  An ooze (D:3)
  3 worms
  2 dart slugs (D:2)
  4 leopard geckos
  19 orcs
  A ball python (D:3)
  8 giant cockroaches
  12 goblins
  11 hobgoblins
  6 jackals
  A quokka (D:5)
  7 bats
  3 frilled lizards
  A jackal skeleton (D:5)
  7 kobolds
  A quokka zombie (D:5)
  8 rats
119 creatures vanquished.

Notes
Turn   | Place    | Note
-------+----------+-------------------------------------------
     0 | D:1      | vvl the Troll Monk began the quest for the Orb.
     0 | D:1      | Reached XP level 1. HP: 22/22 MP: 0/0
    64 | D:1      | Reached XP level 2. HP: 29/29 MP: 1/1
   430 | D:1      | Reached XP level 3. HP: 17/36 MP: 2/2
   690 | D:2      | Reached skill level 4 in Unarmed Combat
   848 | D:2      | Reached XP level 4. HP: 36/44 MP: 3/3
  1324 | D:3      | Reached skill level 5 in Unarmed Combat
  1324 | D:3      | Reached XP level 5. HP: 31/52 MP: 4/4
  1377 | D:3      | You fall into a shaft and drop 2 floors!
  1377 | D:5      | Entered Level 5 of the Dungeon
  1719 | D:3      | Noticed Jessica
  1729 | D:3      | Killed Jessica
  1744 | D:3      | Reached skill level 6 in Unarmed Combat
  1837 | D:3      | Reached XP level 6. HP: 53/59 MP: 5/5
  2241 | D:4      | Noticed Blork the orc
  2252 | D:4      | Killed Blork the orc
  2377 | D:4      | Noticed Ijyb
  2388 | D:4      | Killed Ijyb
  2437 | D:4      | Reached XP level 7. HP: 60/67 MP: 6/6
  2501 | D:4      | Reached skill level 7 in Unarmed Combat
  2823 | D:4      | Noticed Natasha
  2831 | D:4      | Killed Natasha
  3125 | D:4      | Killed from afar by an orc wizard

Illustrated notes

Levels and vault maps discovered:
D:1:      minmay_arrival_radiant_lines, layout_basic
D:2:      layout_loops_ring
D:3:      layout_rooms, uniq_jessica
D:4:      layout_loops_ring, enter_ossuary_2, uniq_natasha, uniq_ijyb,
          uniq_blork_the_orc
D:5:      layout_rooms

Skill      XL: |  1  2  3  4  5  6  7 |
---------------+----------------------+-----
Unarmed Combat | 4 5 6 7 |  7.4
Dodging        | 3 |  3.8
Fighting       | 3 |  3.2
Stealth        | |  1.0

Action                   |  1- 3 |  4- 6 |  7- 9 || total
-------------------------+-------+-------+-------++-------
Melee: Unarmed           |   101 |   171 |    61 ||   333
       Punch             |     2 |     4 |       ||     6
  Use: Potion            |       |       |     2 ||     2
 Stab: Sleeping          |     1 |     3 |       ||     4
       Distracted        |       |       |     1 ||     1
Armor: Robe              |    40 |    44 |    19 ||   103
Dodge: Dodged            |    57 |    82 |    26 ||   165

Table legend: (Time is in decaauts)
 A = Elapsed time spent in this place.
 B = Non-inter-level travel time spent in this place.
 C = Inter-level travel time spent in this place.
 D = Time resting spent in this place.
 E = Time spent auto-exploring this place.
 F = Levels seen in this place.
 G = Mean time per level.
                   A        B        C        D        E       F      G
               +--------+--------+--------+--------+--------+-----+--------+
         Total |   3094 |   2882 |    212 |    182 |   2058 |   5 |  618.8 |
       Dungeon |   3094 |   2882 |    212 |    182 |   2058 |   5 |  618.8 |
               +--------+--------+--------+--------+--------+-----+--------+

Top non-repeatable levels by time:
     D:4: 922 daAuts
     D:2: 700 daAuts
     D:1: 574 daAuts
     D:3: 490 daAuts
     D:5: 405 daAuts
